 Dungeon Crawl Stone Soup version 0.30-b1-2-g02819fbbbe (webtiles) character file.

Game seed: 4573654260686253548

230 MisterFreud the Changer (level 5, -6/41 (42) HPs)
             Began as a Draconian Transmuter on Aug 23, 2023.
             Was a Follower of Yredelemnul.
             Killed by divine providence
             ... invoked by an orc priest
              (12 damage)
             ... on level 4 of the Dungeon.
             The game lasted 00:03:38 (3544 turns).

MisterFreud the Changer (Draconian Transmuter)      Turns: 3544, Time: 00:03:38

HP:   -6/41 (42)    AC:  5    Str: 12    XL:     5   Next: 72%
MP:   8/8           EV: 12    Int: 21    God:    Yredelemnul [*.....]
Gold: 119           SH:  0    Dex: 12    Spells: 7/8 levels left

rFire   . .          .
                       - Unarmed
rCold   + . .        (no shield)
rNeg    . . .        (body armour unavailable)
rPois   .            (helmet currently unavailable)
rElec   .            (no cloak)
rCorr   .            (no gloves)
SInv    .            (boots currently unavailable)
Will    .....        (no amulet)
Stlth   +            d - +6 ring of intelligence
HPRegen 0.26/turn    h - ring of protection from cold
MPRegen 0.11/turn

%: no passive effects
@: appendages, lightly drained
A: horns 2, talons 2, AC +5, unfitting armour, cold-blooded
a: End Transformation, Renounce Religion, Recall Undead Harvest


You were on level 4 of the Dungeon.
You worshipped Yredelemnul.
Yredelemnul was noncommittal.
You had temporarily grown beastly horns and talons.
You visited 1 branch of the dungeon, and saw 4 of its levels.
You also visited: Ossuary.

You collected 119 gold pieces.

Inventory:

Missiles
 q - a throwing net
Jewellery
 c - the ring of the Princeling {Fire rN++ MP+9 Int-3 SInv}
   (You found it on level 2 of the Dungeon)

   [ring of fire]

   It enhances your fire magic.
   Int:       It affects your intelligence (-3).
   rF:        It protects you from fire.
   rC:        It makes you vulnerable to cold.
   rN:        It greatly protects you from negative energy.
   MP:        It affects your magic capacity (+9).
   SInv:      It lets you see invisible.
 d - a +6 ring of intelligence (left hand)
 h - a ring of protection from cold (right hand)
Wands
 m - a wand of iceblast (13)
Scrolls
 e - 2 scrolls of poison {unknown}
 i - 2 scrolls of brand weapon {unknown}
 j - a scroll of blinking {unknown}
 k - a scroll of fear {unknown}
 n - a scroll of noise {unknown}
 o - a scroll of identify {unknown}
 p - 2 scrolls of enchant weapon {unknown}
 r - a scroll of silence {unknown}
 s - a scroll of fog {unknown}
Potions
 a - a potion of lignification
 b - a potion of haste {unknown}
 f - a potion of ambrosia {unknown}
 g - a potion of curing
 l - 2 potions of mutation {unknown}


   Skills:
 + Level 2.7 Fighting
 - Level 1.7 Dodging
 + Level 3.8 Unarmed Combat
 - Level 2.0 Spellcasting
 - Level 5.0 Transmutations


You had 7 spell levels left.
You knew the following spells:

 Your Spells              Type           Power      Damage    Failure   Level
a - Beastly Appendage     Tmut           46%        N/A       1%          1

Your spell library contained the following spells:

 Spells                   Type           Power      Damage    Failure   Level
 Wereblood                Tmut           23%        N/A       2%          2
 Necrotise                Necr           8%         1d4       14%         1
 Slow                     Hex            8%         N/A       14%         1
 Spider Form              Tmut/Pois      12%        N/A       16%         3
 Confusing Touch          Hex            2%         N/A       41%         3
 Dazzling Flash           Conj/Hex       4%         N/A       41%         3
 Vampiric Draining        Necr           2%         2d6       41%         3
 Ice Form                 Ice/Tmut       12%        N/A       45%         4
 Agony                    Necr           2%         N/A       99%         5
 Silence                  Hex/Air        1%         N/A       99%         5


Dungeon Overview and Level Annotations

Branches:
Dungeon (4/15)            Ossuary (visited)
 Temple: D:4-7

Altars:
Gozag
Makhleb
Nemelex Xobeh
Okawaru
Yredelemnul
The Shining One


Innate Abilities, Weirdness & Mutations

You have temporarily grown beastly horns and talons.
Your plain brown scales are hard. (AC +5)
You cannot fit into any form of body armour.
You are cold-blooded and may be slowed by cold attacks.


Message History

Beogh smites you!
You see here a +0 dagger.
You hit the orc priest.
The orc priest is lightly wounded.
The orc priest calls down the wrath of Beogh upon you.
Beogh smites you!
You hit the orc priest. Your kick misses the orc priest.
You headbutt the orc priest, but do no damage.
The orc priest is lightly wounded.
The orc priest closely misses you.
You barely miss the orc priest.
The orc priest is lightly wounded.
The orc priest barely misses you.
You barely miss the orc priest. Your headbutt misses the orc priest.
The orc priest is lightly wounded.
The orc wizard mumbles some strange words.
The orc wizard flickers and vanishes!
Deactivating autopickup; reactivate with Ctrl-A.
The orc priest hits you with a +0 flail of draining!
* * * LOW HITPOINT WARNING * * *
You feel drained.
* * * LOW HITPOINT WARNING * * *
Unknown command.
Okay, then.
You swap places.
The orc priest completely misses your orc zombie.
Your orc zombie hits the orc priest but does no damage.
Aiming: Iceblast
Press: ? - help, Shift-Dir - straight line, f - orc priest
Aim: an orc priest, wielding a +0 flail of draining and wearing a +0 scale mail (lightly wounded, ally target)
Okay, then.
You swap places.
The orc priest looks braver for a moment.
Your orc zombie hits the orc priest but does no damage.
Unknown command.
You swap places.
The orc priest mumbles some strange prayers to Beogh against you.
Beogh smites you!
You die...
Your body rises from the dead as a mindless zombie.

#Z# #.# #.# #.# #.#
##+# #.### ##...##
#...# ##.....##
#...## ##.......#
##....####.........
##........+.........
#Z#@...####.........
##Z##.## #.......#
#Z#### ##.....## #Z#
##...## #o# ##'##
#{# #.#


oo. #.# ..# ##.## #..# ##...## You could see an orc priest (ally target), 2
orcs, a friendly adder zombie, a friendly goblin zombie and a friendly orc
zombie.

Vanquished Creatures
  A mummy (D:4)
  10 adders
  2 worms
  An orc (D:4)
  5 bats
  2 endoplasms (D:1)
  A giant cockroach (D:2)
  5 goblins
  5 hobgoblins
  5 jackals
  3 quokkas
  9 ball pythons
  3 frilled lizards
  6 kobolds
  An orc zombie (D:4)
  7 rats
66 creatures vanquished.

Vanquished Creatures (collateral kills)
  A scorpion (D:4)
1 creature vanquished.

Grand Total: 67 creatures vanquished

Notes
Turn   | Place    | Note
-------+----------+-------------------------------------------
     0 | D:1      | MisterFreud the Draconian Transmuter began the quest for
                  | the Orb.
     0 | D:1      | Reached XP level 1. HP: 16/16 MP: 3/3
   173 | D:1      | Reached XP level 2. HP: 23/23 MP: 5/5
   259 | D:1      | Reached skill level 3 in Transmutations
  1093 | D:2      | Identified the ring of the Princeling {Fire rN++ MP+9 Int-3
                  | SInv}
  1295 | D:2      | Reached XP level 3. HP: 17/28 MP: 6/6
  1622 | D:2      | You fall into a shaft and drop 2 floors!
  1678 | D:4      | Found a sand-covered staircase.
  1687 | D:4      | Reached skill level 4 in Transmutations
  1690 | Ossuary  | Entered an ossuary
  1700 | D:4      | Noticed an ogre
  2091 | D:3      | Reached XP level 4. HP: 30/30 MP: 7/7
  2107 | D:3      | Found a burning altar of Makhleb.
  2426 | D:3      | Reached skill level 5 in Transmutations
  2502 | D:3      | Reached XP level 5. HP: 30/40 MP: 8/8
  2653 | D:3      | Found a basalt altar of Yredelemnul.
  2653 | D:3      | Found a glowing golden altar of the Shining One.
  2662 | D:3      | Found an opulent altar of Gozag.
  2665 | D:3      | Became a worshipper of Yredelemnul the Dark
  3017 | D:3      | Found an iron altar of Okawaru.
  3019 | D:3      | Found a sparkling altar of Nemelex Xobeh.
  3440 | D:4      | Reached * piety under Yredelemnul
  3544 | D:4      | Killed from afar by an orc priest

Illustrated notes

Levels and vault maps discovered:
D:1:      minmay_arrival_four_circles, layout_loops_corners,
          kennysheep_minor_cross, grunt_decor_clamped
D:2:      layout_basic
D:3:      layout_basic, mainiacjoe_overflow_boulevard,
          chequers_temple_overflow_minitemple, serial_corexii_hall,
          corexii_hall_statues_deadend, corexii_hall_statues_l,
          minmay_snake_closets
D:4:      layout_loops_corners, nicolae_ossuary_entry_giza

Skill      XL: |  1  2  3  4  5 |
---------------+----------------+-----
Transmutations | 3 4 5 |  5.0
Fighting       | 2 |  2.7
Dodging        | |  1.7
Unarmed Combat | |  3.8
Spellcasting   | |  2.0

Action                     |  1- 3 |  4- 6 || total
---------------------------+-------+-------++-------
  Melee: Unarmed           |   196 |   125 ||   321
         Tailslap          |    20 |    16 ||    36
         Punch             |     2 |     3 ||     5
         Headbutt          |       |     2 ||     2
   Cast: Beastly Appendage |       |     1 ||     1
    Use: Scroll            |     2 |       ||     2
         Potion            |       |     1 ||     1
   Stab: Sleeping          |     1 |     3 ||     4
 Armour: Skin              |    57 |    33 ||    90
  Dodge: Dodged            |   127 |    76 ||   203
